 Dungeon Crawl Stone Soup version 0.19-a0-1008-g4c63d25 (webtiles) character file.

36 Gruud the Changer (level 3, 0/39 HPs)
             Began as a Demonspawn Transmuter on July 22, 2016.
             Succumbed to an adder's poison
             ... on level 2 of the Dungeon.
             The game lasted 00:03:45 (1357 turns).

Gruud the Changer (Demonspawn Transmuter)           Turns: 1357, Time: 00:03:46

Health: 0/39       AC: 21    Str: 15    XL:     3   Next: 19%
Magic:  6/6        EV:  2    Int: 14    God:
Gold:   59         SH:  0    Dex: 14    Spells: 2 memorised, 3 levels left

rFire  . . .     SeeInvis .       - Unarmed
rCold  . . .     Gourm    .     (armour currently unavailable)
rNeg   + + +     Faith    .     (no shield)
rPois  +         Spirit   .     (helmet currently unavailable)
rElec  .         Dismiss  .     (cloak currently unavailable)
rCorr  .         Reflect  .     (gloves currently unavailable)
SustAt .         Harm     .     (boots currently unavailable)
MR     .....     NoTele   +     (no amulet)
Stlth  +.........               (no ring)
                                (no ring)

@: mighty, lethally poisoned (0 -> -2), tree-form (expiring), not resistant to
hostile enchantments, very unstealthy
A: (hooves 0), demonic guardian 1
a: no special abilities


You were on level 2 of the Dungeon.
You were not hungry.
You were a tree.
You visited 1 branch of the dungeon, and saw 2 of its levels.

You collected 59 gold pieces.

Inventory:

Missiles
 a - 12 arrows
Armour
 b - a +0 robe
 n - a +0 helmet (melded)
 o - a +1 ring mail of positive energy (melded)
Scrolls
 f - a scroll of fog {unknown}
 i - a scroll of random uselessness {unknown}
 j - 2 scrolls of remove curse {unknown}
 l - a scroll of amnesia {unknown}
 m - a scroll of fear {unknown}
Potions
 h - a potion of flight
 k - a potion of lignification
Books
 c - a book of Changes

   Spells                             Type                      Level
   a - Beastly Appendage              Transmutation                1
   b - Sticks to Snakes               Transmutation                2
   c - Spider Form                    Transmutation/Poison         3
   d - Ice Form                       Ice/Transmutation            4
   e - Blade Hands                    Transmutation                5
Comestibles
 d - a bread ration
 g - a royal jelly


   Skills:
 - Level 1.0 Fighting
 - Level 1.7 Dodging
 - Level 2.6 Unarmed Combat
 - Level 2.0 Spellcasting
 * Level 3.3 Transmutations


You had 3 spell levels left.
You knew the following spells:

 Your Spells              Type           Power        Failure   Level  Hunger
a - Beastly Appendage     Tmut           ##....       10%         1    ##.....
b - Sticks to Snakes      Tmut           ##......     12%         2    ###....


Dungeon Overview and Level Annotations

Branches:
Dungeon (2/15)

Altars:


Innate Abilities, Weirdness & Mutations

((You have large cloven feet.))
A weak demonic guardian rushes to your aid.


Message History

The adder bites your iron imp but does no damage.
The adder closely misses your iron imp.
Your iron imp misses the adder.
Your transformation is almost over.
* * * LOW HITPOINT WARNING * * *
You feel sick. The adder closely misses your iron imp.
The adder bites your iron imp but does no damage.
Your iron imp barely misses the adder.
The adder bites your iron imp but does no damage.
Your iron imp hits the adder!
The adder closely misses your iron imp.
* * * LOW HITPOINT WARNING * * *
You feel sick.
The adder bites your iron imp but does no damage.
Your iron imp barely misses the adder.
The adder barely misses your iron imp.
Your iron imp barely misses the adder.
The adder barely misses your iron imp. The adder bites your iron imp.
Your iron imp hits the adder.
The adder dies!
You cannot move.
Your iron imp disappears in a puff of smoke!
You die...

#......# # #.# #
##....h.# #.#.# #
#.......#.##>#.###
#..###.#..........
#.h..h............ #
#h####.#.......... ..#h#
#.##......... #.#.#
#.####....... #.#♣# #.#
#....... ##.#.####.#
#.......
#.......#.#######.###
#.......#............
#####.......#....<.......
...................#...##
#####..................##
..............###.......
###........#### ########


You could see 3 jackals.

Vanquished Creatures
  2 dart slugs (D:1)
  A giant cockroach (D:1)
  5 goblins (D:1)
  3 hobgoblins
  3 jackals (D:2)
  2 bats (D:1)
  2 giant newts (D:1)
  4 kobolds (D:1)
  3 rats
25 creatures vanquished.

Vanquished Creatures (collateral kills)
  An adder (D:2)
1 creature vanquished.

Grand Total: 26 creatures vanquished

Notes
Turn   | Place    | Note
-------+----------+-------------------------------------------
     0 | D:1      | Gruud the Demonspawn Transmuter began the quest for the Orb.
     0 | D:1      | Reached XP level 1. HP: 15/15 MP: 3/3
    75 | D:1      | Reached skill level 2 in Transmutations
   382 | D:1      | Lost mutation: You have claws for feet. [demonic ancestry]
   382 | D:1      | Lost mutation: You have razor-sharp toenails. [demonic ancestry]
   382 | D:1      | Lost mutation: You have sharp toenails. [demonic ancestry]
   382 | D:1      | Gained mutation: You have large cloven feet. [demonic ancestry]
   382 | D:1      | Reached XP level 2. HP: 21/21 MP: 3/5
   558 | D:1      | Learned a level 2 spell: Sticks to Snakes
   704 | D:1      | Reached skill level 3 in Transmutations
  1110 | D:2      | Gained mutation: A weak demonic guardian rushes to your aid. [demonic ancestry]
  1110 | D:2      | Reached XP level 3. HP: 18/26 MP: 6/6
  1350 | D:2      | HP: 1/39 [poisoned by an adder]
  1357 | D:2      | Succumbed to an adder's poison

Vault maps used:
D:1:      minmay_arrival_four_circles
D:2:      lemuel_crystal_altar

Skill      XL: |  1  2 |
---------------+-------+-----
Transmutations | 2 3 |  3.3
Fighting       | |  1.0
Dodging        | |  1.7
Unarmed Combat | |  2.6
Spellcasting   | |  2.0

Action                   || total
-------------------------++-------
Melee: Unarmed           ||   126
       Kick              ||    22
       Punch             ||     2
 Cast: Beastly Appendage ||    11
  Use: Potion            ||     3
  Eat: Chunk             ||     2
Armor: Robe              ||    22
       Ring mail         ||    12
Dodge: Dodged            ||    85
